[Event "*** Titled Tuesday Blitz"]
[Site "Chess.com"]
[Date "2020.11.03"]
[Round "5"]
[White "almatyonelove"]
[Black "BanjoKazooieN64"]
[Result "1-0"]
[WhiteElo "2591"]
[BlackElo "2380"]
[TimeControl "180+1"]
[EndTime "10:57:15 PST"]
[Termination "almatyonelove won by resignation"]

1. d4 Nf6 2. c4 g6 3. Nc3 Bg7 4. e4 d6 5. h3 O-O 6. Be3 e5 7.
d5 Nbd7 8. g4 Nc5 9. Bg2 c6 10.
Nge2 cxd5 11. cxd5 b6 12. O-O Ba6 13. b4 Ncd7 14.
Qa4 Bc4 15. Rfc1 a6 16. Ng3 b5 17. Qd1 Nb6 18. a4 Rc8 19. a5 Nbd7 20. Qd2 Ne8 21.
Nd1 f6 22. Nb2 Rf7 23. Nxc4 bxc4 24. Bf1 f5 25. exf5 gxf5 26. Nxf5 Rxf5 27. gxf5 Nef6 28. Rxc4 Rxc4 29. Bxc4 Ne4 30. Qc2 Qh4 31. Bxa6 Ndf6 32. Bf1 Ng5 33. a6 Nxh3+ 34. Bxh3 Qxh3 35. a7 Qg4+ 36. Kf1 Qh3+ 37. Ke2 Qg4+ 38. Kd2 Qxb4+ 39. Kd1 Nxd5 1-0

[Event "*** Titled Tuesday Blitz"]
[Site "Chess.com"]
[Date "2020.11.03"]
[Round "5"]
[White "Enriquack"]
[Black "BAS8892"]
[Result "1-0"]
[WhiteElo "2290"]
[BlackElo "2678"]
[TimeControl "180+1"]
[EndTime "10:57:16 PST"]
[Termination "Enriquack won by resignation"]

1. e4 c6 2. d4 d5 3. e5 Bf5 4. Nf3 e6 5. Be2 c5 6. O-O cxd4 7. Nxd4 Ne7 8. Be3 Nbc6 9. Bb5 Qc7 10. c4 dxc4 11. Qa4 a6 12. Nd2 Rc8 13. Nxc4 axb5 14.
Nxb5 Qb8 15. Nbd6+ Kd7 16. Rfd1 Nd5 17. Rxd5 exd5 18.
Nb6+ Ke6 19. Nbxc8 Bxd6 20. Nxd6 Nxe5 21. Nxf5 Kxf5 22.
Re1 f6 23. f4 Qd6 24. fxe5 fxe5 25. Rf1+ Ke6 26. Qg4+ 1-0

[Event "*** Titled Tuesday Blitz"]
[Site "Chess.com"]
[Date "2020.11.03"]
[Round "5"]
[White "yourstrulyme"]
[Black "Smile2005"]
[Result "0-1"]
[WhiteElo "2428"]
[BlackElo "2294"]
[TimeControl "180+1"]
[EndTime "10:57:16 PST"]
[Termination "Smile2005 won on time"]

1. Nf3 Nf6 2. g3 g6 3. Bg2 Bg7 4. O-O O-O 5. d3 d6 6. e4 c5 7. Nc3 Nc6 8. Re1 Rb8 9. Nd5 e6 10. Nxf6+ Bxf6 11. c3 Bg7 12. Bg5 Qc7 13. Qd2 b5 14.
Bh6 b4 15. Bxg7 Kxg7 16. d4 bxc3 17. bxc3 cxd4 18. cxd4 Qa5 19. Qf4 e5 20. dxe5 dxe5 21. Qh4 Qd8 22. Qxd8 Rxd8 23. Rac1 Nb4 24. Nxe5 Nxa2 25.
Ra1 Be6 26. Nc6 a5 27. h4 a4 28. Re3 Bb3 29. Bf3 Nb4 30. Nxb8 Nc2 31. Nc6 Rc8 32. Na7 Ra8 33. e5 Rxa7 34. Rxb3 Nd4 0-1

[Event "*** Titled Tuesday Blitz"]
[Site "Chess.com"]
[Date "2020.11.03"]
[Round "5"]
[White "Sokoloco"]
[Black "SophieNikoladze"]
[Result "1-0"]
[WhiteElo "2441"]
[BlackElo "2276"]
[TimeControl "180+1"]
[EndTime "10:57:17 PST"]
[Termination "Sokoloco won by checkmate"]

1. b3 e5 2. Bb2 d6 3. e3 Be6 4.
c4 f5 5. Nc3 c6 6. d4 Nf6 7.
dxe5 dxe5 8. Qxd8+ Kxd8 9. Nf3 Nbd7 10. O-O-O Kc7 11. e4 f4 12. Ng5 Bg8 13. f3 h6 14.
Nh3 Bd6 15. Nf2 a5 16. Be2 Be6 17. Nd3 g5 18. Rd2 Rab8 19. Rhd1 Ne8 20. Na4 b5 21. c5 bxa4 22. cxd6+ Kc8 23. bxa4 Rh7 24. Nxe5 Nxe5 25. Bxe5 Kd7 26. Rb2 Rb4 27. Rdd2 Rf7 28. a3 Rxa4 29. Rb7+ Kd8 30. Rb8+ Kd7 31. Ba6 Bc4 32.
Bc8+ Kd8 33. Be6# 1-0

[Event "*** Titled Tuesday Blitz"]
[Site "Chess.com"]
[Date "2020.11.03"]
[Round "5"]
[White "MichailovM"]
[Black "kidagent"]
[Result "0-1"]
[WhiteElo "2432"]
[BlackElo "2298"]
[TimeControl "180+1"]
[EndTime "10:57:19 PST"]
[Termination "kidagent won by resignation"]

1. e4 c5 2. Nf3 d6 3. d4 cxd4 4. Nxd4 Nf6 5. Nc3 a6 6. Bg5 e6 7. f4 b5 8. Qe2 Be7 9. a3 Bb7 10.
O-O-O Nbd7 11. h4 O-O 12. e5 dxe5 13. fxe5 Nd5 14. Nxd5 Bxd5 15. Bxe7 Qxe7 16. Rh3 Rac8 17. Qe3 Rc7 18. Bd3 Rfc8 19. Kb1 Nc5 20. h5 Nxd3 21.
Rxd3 b4 22. h6 g6 23. Qd2 bxa3 24. Rxa3 Bb7 25. Rhb3 Rd7 26. Qe3 Bxg2 27. Rxa6 Rcd8 28. c3 Qh4 29. Rab6 Qh1+ 30. Qc1 Be4+ 31. Nc2 Qxc1+ 0-1

[Event "*** Titled Tuesday Blitz"]
[Site "Chess.com"]
[Date "2020.11.03"]
[Round "5"]
[White "TrickyFortem"]
[Black "Triumphmate"]
[Result "0-1"]
[WhiteElo "2543"]
[BlackElo "2401"]
[TimeControl "180+1"]
[EndTime "10:57:20 PST"]
[Termination "Triumphmate won by resignation"]

1. d4 d5 2. c4 e6 3. Nf3 Be7 4. g3 Nf6 5. Bg2 O-O 6. O-O dxc4 7. Ne5 c5 8. Na3 cxd4 9. Naxc4 Nbd7 10. Qxd4 Nxe5 11.
Qxe5 Bd7 12. Rd1 Qc8 13. b3 Bc6 14. e4 Rd8 15. Bb2 Rxd1+ 16. Rxd1 Qf8 17. a4 Rd8 18.
Rxd8 Qxd8 19. Bf3 Qd3 20. Qb8+ Ne8 21. Ne5 Qb1+ 22. Kg2 Kf8 23. Nxc6 bxc6 24. Bxg7+ Kxg7 25. Qxe8 Bf6 26. Qxc6 Qxb3 27. h4 Bd4 28. Qd7 Qb2 29. Bh5 Qxf2+ 30. Kh3 Qf1+ 31. Kg4 Be5 32. Qd3 Qxd3 0-1

[Event "*** Titled Tuesday Blitz"]
[Site "Chess.com"]
[Date "2020.11.03"]
[Round "5"]
[White "machupichu10"]
[Black "tptagain"]
[Result "0-1"]
[WhiteElo "2776"]
[BlackElo "2966"]
[TimeControl "180+1"]
[EndTime "10:57:21 PST"]
[Termination "tptagain won on time"]

1. d4 e6 2. Nf3 Nf6 3. e3 d5 4. Bd3 c5 5. O-O c4 6. Be2 b5 7. Ne5 Bb7 8. Nd2 Be7 9. f4 O-O 10. g4 Ne8 11. a4 f6 12. Nef3 b4 13. Rf2 Nd6 14. Rg2 Kh8 15. h4 Nd7 16. Nf1 Ne4 17.
Bd2 e5 18. Ng3 Nxg3 19. Rxg3 exf4 20. exf4 Bd6 21. Rg2 Qc7 22. f5 Rae8 23. c3 b3 24. Qf1 Re4 25. Re1 Nb6 26. Bd1 Nxa4 27. Bc1 Rfe8 28. g5 Bg3 29. Ree2 Bf4 30. gxf6 gxf6 31. Bxf4 Qxf4 0-1

[Event "*** Titled Tuesday Blitz"]
[Site "Chess.com"]
[Date "2020.11.03"]
[Round "5"]
[White "tsaruk_maks"]
[Black "Nemsko"]
[Result "1-0"]
[WhiteElo "2575"]
[BlackElo "2378"]
[TimeControl "180+1"]
[EndTime "10:57:21 PST"]
[Termination "tsaruk_maks won by resignation"]

1. e4 e5 2. Nf3 Nc6 3. Bb5 a6 4. Ba4 Nf6 5. O-O Be7 6. Re1 b5 7. Bb3 d6 8. c3 O-O 9. h3 Nb8 10. d4 Nbd7 11. Nbd2 Re8 12. Ng5 Rf8 13. Ngf3 Bb7 14. Bc2 Re8 15. Nf1 Bf8 16. Ng3 g6 17.
Bg5 Bg7 18. Bd2 Nf8 19. a4 c6 20. Bd3 Qc7 21. Qc2 Ne6 22. b4 Nd7 23. Be3 Nb6 24.
a5 Nd7 25. dxe5 Nxe5 26. Nxe5 Bxe5 27. Ne2 c5 28. Qa2 cxb4 29. cxb4 Bxa1 30. Qxa1 Rac8 31. Bh6 d5 32. exd5 Bxd5 33. Nf4 Qc3 34. Qxc3 Rxc3 35.
Nxd5 Rxd3 36. Nf6+ Kh8 37. Nxe8 Rb3 38. Rc1 Rxb4 39.
Rc8 Rc4 40. Nc7+ 1-0

[Event "*** Titled Tuesday Blitz"]
[Site "Chess.com"]
[Date "2020.11.03"]
[Round "5"]
[White "Karacsonyi_Gellert"]
[Black "Oleksandr_Bortnyk"]
[Result "0-1"]
[WhiteElo "2667"]
[BlackElo "2918"]
[TimeControl "180+1"]
[EndTime "10:57:23 PST"]
[Termination "Oleksandr_Bortnyk won on time"]

1. e4 c5 2. Nf3 d6 3. d4 cxd4 4. Nxd4 Nf6 5. Nc3 g6 6. Be3 a6 7.
f3 Bg7 8. Qd2 h5 9. O-O-O b5 10.
h3 Bb7 11. Be2 Nbd7 12. g4 Ne5 13. g5 Nfd7 14. f4 Nc4 15. Bxc4 bxc4 16. Rhf1 Qa5 17. Kb1 Nc5 18. f5 Be5 19. fxg6 fxg6 20. Qf2 Rh7 21. Nd5 Nxe4 22. Ne6 Nxf2 23. Ndc7+ Kd7 24. Rxf2 Rc8 25. c3 Rhh8 0-1

[Event "*** Titled Tuesday Blitz"]
[Site "Chess.com"]
[Date "2020.11.03"]
[Round "5"]
[White "MattyDPerrine"]
[Black "korbul"]
[Result "0-1"]
[WhiteElo "2380"]
[BlackElo "2555"]
[TimeControl "180+1"]
[EndTime "10:57:23 PST"]
[Termination "korbul won on time"]

1. e4 c5 2. Nf3 e6 3. d4 cxd4 4. Nxd4 Nf6 5. Nc3 d6 6. g4 a6 7. g5 Nfd7 8. Rg1 b5 9. h4 Bb7 10. f3 Nc6 11. Be3 Rc8 12. Bh3 Qa5 13. a3 Nde5 14. Nb3 Qc7 15. Nd2 Na5 16. Rb1 Nac4 17. Nxc4 Nxc4 18. Bd4 Rd8 19. f4 e5 20. Bf2 exf4 21.
Nd5 Bxd5 22. Qxd5 Be7 23. Bd4 O-O 24. h5 Ne5 25. Kd1 Qc4 0-1

[Event "*** Titled Tuesday Blitz"]
[Site "Chess.com"]
[Date "2020.11.03"]
[Round "5"]
[White "lucachess49"]
[Black "TorFredrikKaasen"]
[Result "0-1"]
[WhiteElo "2363"]
[BlackElo "2700"]
[TimeControl "180+1"]
[EndTime "10:57:24 PST"]
[Termination "TorFredrikKaasen won by resignation"]

1. d4 Nf6 2. c4 g6 3. f3 Bg7 4. e4 d6 5. Nc3 O-O 6. Nge2 c5 7.
Be3 Nc6 8. d5 Ne5 9. Ng3 e6 10.
Be2 h5 11. O-O h4 12. Nh1 exd5 13. cxd5 h3 14. g4 b5 15. Nxb5 Rb8 16. Rb1 Nfxg4 17.
fxg4 Rxb5 18. Bxb5 Nxg4 19. Bf2 f5 20. Be2 Nxf2 21.
Nxf2 Qg5+ 22. Ng4 fxg4 23. Rxf8+ Bxf8 24. Qc1 Qe5 25. Qe3 Bh6 26. Qxh6 Qxe4 27. Bf1 Qd4+ 28.
Kh1 Qxd5+ 29. Kg1 Qd4+ 30. Kh1 Bb7+ 0-1

[Event "*** Titled Tuesday Blitz"]
[Site "Chess.com"]
[Date "2020.11.03"]
[Round "5"]
[White "wanyaland"]
[Black "anon481216"]
[Result "0-1"]
[WhiteElo "2254"]
[BlackElo "2389"]
[TimeControl "180+1"]
[EndTime "10:57:24 PST"]
[Termination "anon481216 won by resignation"]

1. d4 Nf6 2. c4 e6 3. Nf3 d5 4.
g3 dxc4 5. Bg2 Nc6 6. O-O Rb8 7. a4 a6 8. e3 b5 9. Qe2 Be7 10. Rd1 O-O 11. Nc3 Nb4 12. e4 Nd3 13. e5 Nd5 14.
Ne4 h6 15. axb5 axb5 16. h4 Bb7 17. h5 Ra8 18. Rxa8 Qxa8 19. Ne1 Nxc1 20. Rxc1 Nb4 21. Kh2 Bd5 22. Rd1 Rc8 23. Qg4 Kf8 24. Qf4 c5 25.
dxc5 Bxc5 26. Rxd5 Nxd5 27. Qg4 Be7 28. Nf3 b4 29. Nd4 Qa6 30. Qe2 Qb6 31. Nc2 c3 32.
b3 Ra8 33. Qd3 Ra2 34. f4 Rb2 35. Nd4 Bc5 36. Nxc5 Qxc5 37. f5 Rd2 0-1

[Event "*** Titled Tuesday Blitz"]
[Site "Chess.com"]
[Date "2020.11.03"]
[Round "5"]
[White "tk22h"]
[Black "lelajavakhishvili"]
[Result "1/2-1/2"]
[WhiteElo "2382"]
[BlackElo "2531"]
[TimeControl "180+1"]
[EndTime "10:57:25 PST"]
[Termination "Game drawn by repetition"]

1. c4 Nf6 2. Nc3 c5 3. Nf3 Nc6 4. g3 g6 5. Bg2 Bg7 6. d4 cxd4 7. Nxd4 O-O 8. O-O Nxd4 9. Qxd4 d6 10. Qd3 Nd7 11. b3 Ne5 12. Qd2 a6 13. Bb2 Rb8 14. Rad1 Bf5 15. Nd5 b5 16. f4 Nd7 17. Bxg7 Kxg7 18.
e4 Bg4 19. Rc1 bxc4 20. Rxc4 Nb6 21. Qd4+ Kg8 22. Rc6 Nxd5 23. exd5 Qa5 24. Rc2 Rfc8 25. Rfc1 Rxc2 26. Rxc2 Qe1+ 27. Bf1 Bf3 28. Rf2 Bg4 29. Kg2 Bf5 30. Bd3 Bxd3 31. Qxd3 Rc8 32. Re2 Qc1 33. Rxe7 Rc2+ 34. Re2 Rxe2+ 35. Qxe2 Qa3 36. f5 gxf5 37. Qd2 a5 38. Qg5+ Kf8 39. Qd8+ Kg7 40. Qg5+ Kf8 41. Qd8+ Kg7 42. Qg5+ Kf8 1/2-1/2

[Event "*** Titled Tuesday Blitz"]
[Site "Chess.com"]
[Date "2020.11.03"]
[Round "5"]
[White "Alexchess1984"]
[Black "ARTHURMOTIVATOR"]
[Result "1-0"]
[WhiteElo "2562"]
[BlackElo "2386"]
[TimeControl "180+1"]
[EndTime "10:57:26 PST"]
[Termination "Alexchess1984 won by resignation"]

1. e4 c6 2. Nc3 d5 3. Qf3 dxe4 4. Nxe4 Nd7 5. d4 Ndf6 6. c3 Bg4 7. Nxf6+ Nxf6 8. Qg3 e6 9. Nf3 h5 10. h3 h4 11. Qf4 Bd6 12. Ne5 Bf5 13. Bc4 Qc7 14.
O-O O-O-O 15. Re1 Ne4 16. Rxe4 f6 17. Re1 g5 18. Qe3 fxe5 19. dxe5 Be7 20. Qxa7 g4 21. Be3 b5 22. Qxc7+ Kxc7 23. Be2 gxh3 24. gxh3 Bxh3 25. Kh2 Bf5 26. Rg1 Rdg8 27. f4 Be4 28. a3 h3 29.
Rxg8 Rxg8 30. Rg1 Bg2 31. Bf1 Bh4 32. Bxg2 hxg2 33. Rxg2 Rxg2+ 34. Kxg2 Kd7 35. Kf3 Be7 36. Ke4 Bh4 37. b3 Be1 38. c4 Bc3 39. a4 bxc4 40. bxc4 Ba5 41. f5 exf5+ 42. Kxf5 Ke7 43. Bc5+ Kf7 44. e6+ Ke8 45. Bd6 Bc3 46. Ke4 Ba5 47. Kd4 Be1 48. Kc5 1-0

[Event "*** Titled Tuesday Blitz"]
[Site "Chess.com"]
[Date "2020.11.03"]
[Round "5"]
[White "Kolle05"]
[Black "Alomaterapia"]
[Result "0-1"]
[WhiteElo "2356"]
[BlackElo "2511"]
[TimeControl "180+1"]
[EndTime "10:57:31 PST"]
[Termination "Alomaterapia won by resignation"]

1. e4 e5 2. Nf3 Nc6 3. Bb5 a6 4.
Ba4 Nf6 5. O-O Be7 6. Re1 b5 7. Bb3 O-O 8. a4 Bb7 9. c3 d5 10. d4 dxe4 11. Nxe5 Nxe5 12. dxe5 Qxd1 13. Rxd1 Ng4 14.
Bf4 Bc5 15. Bg3 e3 16. f3 e2+ 17. Rd4 Nxe5 18. Nd2 Rfe8 19. axb5 axb5 20. Rxa8 Bxa8 21. Bf2 Nd3 22. Re4 0-1

[Event "*** Titled Tuesday Blitz"]
[Site "Chess.com"]
[Date "2020.11.03"]
[Round "5"]
[White "Kapibara_Warri0r"]
[Black "Mimsychess"]
[Result "1-0"]
[WhiteElo "2154"]
[BlackElo "2319"]
[TimeControl "180+1"]
[EndTime "10:57:36 PST"]
[Termination "Kapibara_Warri0r won by resignation"]

1. e4 c5 2. Nf3 e6 3. d4 cxd4 4. Nxd4 Nc6 5. Nc3 Qc7 6. Nxc6 dxc6 7. Bd3 e5 8. O-O Nf6 9. Kh1 Be7 10. f4 Bg4 11. Qe1 O-O 12. Qg3 Be6 13. fxe5 Nh5 14.
Qf3 Qxe5 15. Ne2 g6 16. Nf4 Nxf4 17. Bxf4 Qg7 18. c3 Rad8 19. e5 Bd5 20. Be4 Bxe4 21. Qxe4 Rd5 22. c4 Rdd8 23. Qe3 b6 24. Bh6 Qh8 25.
Bxf8 Rxf8 26. e6 f5 27. Rad1 Qf6 28. Rd7 g5 29. Re1 f4 30. Qf3 1-0

[Event "*** Titled Tuesday Blitz"]
[Site "Chess.com"]
[Date "2020.11.03"]
[Round "5"]
[White "ehrenfeld"]
[Black "jaskol95"]
[Result "1-0"]
[WhiteElo "2485"]
[BlackElo "2318"]
[TimeControl "180+1"]
[EndTime "10:57:37 PST"]
[Termination "ehrenfeld won by checkmate"]

1. e4 e6 2. d4 d5 3. e5 c5 4. c3 Nc6 5. Nf3 Bd7 6. Be2 Nge7 7. dxc5 Ng6 8. Be3 Ngxe5 9. Nxe5 Nxe5 10. O-O Be7 11.
Nd2 a5 12. f4 Nc6 13. Nf3 Bf6 14. Qd2 g6 15. Rad1 O-O 16. c4 Ne7 17. Bd4 Nf5 18.
Bxf6 Qxf6 19. cxd5 exd5 20. Bd3 Rfe8 21. Ne5 Bc6 22. Ng4 Qd4+ 23. Kh1 Ne3 24. Qf2 f5 25. Bxf5 Qxd1 26. Rxd1 Nxd1 27. Qh4 gxf5 28. Qg5+ Kh8 29. Qf6+ Kg8 30. Nh6# 1-0

[Event "*** Titled Tuesday Blitz"]
[Site "Chess.com"]
[Date "2020.11.03"]
[Round "5"]
[White "SHIVACalypso"]
[Black "kingofthenil"]
[Result "0-1"]
[WhiteElo "2327"]
[BlackElo "2489"]
[TimeControl "180+1"]
[EndTime "10:57:38 PST"]
[Termination "kingofthenil won by resignation"]

1. Nf3 Nf6 2. c4 a6 3. g3 b6 4.
Bg2 c6 5. O-O d6 6. d4 e6 7. Nc3 g6 8. d5 cxd5 9. cxd5 e5 10. e4 Bg7 11. h3 O-O 12. Be3 b5 13.
Rc1 b4 14. Na4 Nxe4 15. Nb6 Bb7 16. Nxa8 Bxa8 17. Nxe5 Nxg3 18. fxg3 Bxe5 19. Bd4 Bxg3 20. Qf3 Be5 21. Bxe5 dxe5 22. Qf6 Nd7 23. Qxd8 Rxd8 24.
Rc7 f5 25. d6 Bxg2 26. Kxg2 Kf7 27. Ra7 Ke6 28. Rxa6 Rc8 29. Rf2 e4 30. Ra4 Nc5 31. Ra5 Kxd6 32. Rd2+ Ke6 33. Rc2 Kd6 34. Ra6+ Kd5 35.
Ra7 f4 36. Rxh7 f3+ 37. Kg3 Kd4 38. Rd7+ Nxd7 39. Rxc8 Ke3 40. Rc1 Kd2 41. Rc4 e3 42. Kxf3 Ne5+ 0-1

[Event "*** Titled Tuesday Blitz"]
[Site "Chess.com"]
[Date "2020.11.03"]
[Round "5"]
[White "Oligan22"]
[Black "AndrewMcStone"]
[Result "1-0"]
[WhiteElo "2401"]
[BlackElo "2160"]
[TimeControl "180+1"]
[EndTime "10:57:39 PST"]
[Termination "Oligan22 won by resignation"]

1. e4 Nc6 2. d4 d5 3. exd5 Qxd5 4. Nf3 Bg4 5. Be2 O-O-O 6. c4 Qf5 7. Be3 Nf6 8. Nbd2 Nb4 9. O-O Nc2 10. Rc1 Nxe3 11.
fxe3 Qe6 12. Ne5 Bxe2 13. Qxe2 g6 14. Ndf3 Bh6 15. d5 Nxd5 16. cxd5 Rxd5 17. Rc3 Rxe5 18. Nxe5 Qxe5 19. Rxf7 Bg7 20. Qg4+ Kb8 21. Qd7 Bf6 22.
Rxh7 a6 23. Rxh8+ Bxh8 24. Qd8+ Ka7 25. Qxc7 Qg5 26. Qc5+ Qxc5 27. Rxc5 Bxb2 28. Rg5 Bc1 29. Kf2 1-0

[Event "*** Titled Tuesday Blitz"]
[Site "Chess.com"]
[Date "2020.11.03"]
[Round "5"]
[White "JoachimMouhamad"]
[Black "cukin84"]
[Result "1-0"]
[WhiteElo "2382"]
[BlackElo "2075"]
[TimeControl "180+1"]
[EndTime "10:57:41 PST"]
[Termination "JoachimMouhamad won by resignation"]

1. e4 c6 2. d4 d5 3. Nc3 a6 4.
Nf3 Bg4 5. h3 Bh5 6. g4 Bg6 7.
Ne5 Bxe4 8. Nxe4 dxe4 9. Bc4 e6 10. Be3 Nf6 11. Qe2 Nbd7 12. O-O-O Qa5 13. f4 exf3 14.
Nxf3 Be7 15. Kb1 Nd5 16. Bd2 Qb6 17. Ka1 O-O-O 18. Rhf1 N7f6 19. Ne5 Qxd4 20. Nxf7 e5 21. Nxh8 Rxh8 22. c3 Qc5 23. Bb3 e4 24. g5 Nd7 25.
Qxe4 Rd8 26. Qxh7 N7b6 27. Qxg7 Bd6 28. Qd4 Qb5 29. g6 Bc5 30. Qg4+ Kb8 31. g7 Rg8 32. h4 Be3 33. Bxe3 Nxe3 34. Qf4+ 1-0

[Event "*** Titled Tuesday Blitz"]
[Site "Chess.com"]
[Date "2020.11.03"]
[Round "5"]
[White "Artyom_ChessMate"]
[Black "VinzentSpitzl"]
[Result "1-0"]
[WhiteElo "2570"]
[BlackElo "2326"]
[TimeControl "180+1"]
[EndTime "10:57:43 PST"]
[Termination "Artyom_ChessMate won on time"]

1. e4 c6 2. d4 d5 3. exd5 cxd5 4. Bd3 Nc6 5. c3 Qc7 6. Ne2 Nf6 7. O-O e5 8. dxe5 Nxe5 9. Bb5+ Bd7 10. Bxd7+ Qxd7 11. Ng3 Bd6 12. Bg5 O-O-O 13. Na3 h5 14. Bxf6 gxf6 15.
Qxd5 h4 16. Ne4 Bxa3 17. Qxd7+ Rxd7 18. bxa3 f5 19. Ng5 f6 20. Ne6 h3 21. g3 Ng4 22.
Nd4 f4 23. Rae1 Kb8 24. Re4 Rc8 25. Rxf4 Ne5 26. Rxf6 Rxc3 27. Nb3 Nf3+ 28. Kh1 Re7 29. Rh6 Re2 30. Rxh3 Rxa2 31. Rh8+ Kc7 32. Na5 Raxa3 33. Rh7+ Kb6 34. Nxb7 1-0

[Event "*** Titled Tuesday Blitz"]
[Site "Chess.com"]
[Date "2020.11.03"]
[Round "5"]
[White "Supernotar"]
[Black "AnishOnYoutube"]
[Result "0-1"]
[WhiteElo "2848"]
[BlackElo "2975"]
[TimeControl "180+1"]
[EndTime "10:57:47 PST"]
[Termination "AnishOnYoutube won by checkmate"]

1. d4 Nf6 2. c4 e6 3. Nf3 d5 4. e3 Bd6 5. Nbd2 b6 6. Bd3 Bb7 7.
b3 O-O 8. Bb2 Nbd7 9. O-O Ne4 10. Qe2 Qe7 11. cxd5 exd5 12. Ba6 Bxa6 13. Qxa6 f5 14.
g3 Qe6 15. Rac1 g5 16. Rc2 f4 17. exf4 gxf4 18. Ba3 fxg3 19. hxg3 Nxd2 20. Nxd2 Bxa3 21. Qxa3 Rf5 22. Kg2 Raf8 23. f3 Rh5 24. g4 Qe2+ 25.
Rf2 Rh2+ 26. Kxh2 Qxf2+ 27. Kh3 Rf6 28. g5 Rf4 29. Qe7 Rh4# 0-1

[Event "*** Titled Tuesday Blitz"]
[Site "Chess.com"]
[Date "2020.11.03"]
[Round "5"]
[White "tteshan"]
[Black "AquivaRubinstein"]
[Result "0-1"]
[WhiteElo "2364"]
[BlackElo "2523"]
[TimeControl "180+1"]
[EndTime "10:57:48 PST"]
[Termination "AquivaRubinstein won by resignation"]

1. e4 e5 2. Nf3 Nc6 3. Bb5 a6 4. Ba4 Nf6 5. O-O Nxe4 6. Re1 Nc5 7. Bxc6 dxc6 8. Nxe5 Be7 9. d4 Ne6 10. c3 O-O 11.
Nd2 c5 12. dxc5 Nxc5 13. Ndf3 Qxd1 14. Rxd1 Be6 15. Be3 Rfd8 16. Nd4 Bd5 17. Nf5 Bf8 18. Bd4 Ne6 19. c4 Be4 20. Nh6+ gxh6 21. Ng4 Bg7 22. Bf6 Rxd1+ 23. Rxd1 h5 0-1

[Event "*** Titled Tuesday Blitz"]
[Site "Chess.com"]
[Date "2020.11.03"]
[Round "5"]
[White "infinitegiantkiller"]
[Black "Sven_Tica"]
[Result "0-1"]
[WhiteElo "2454"]
[BlackElo "2684"]
[TimeControl "180+1"]
[EndTime "10:57:50 PST"]
[Termination "Sven_Tica won by resignation"]

1. d4 d5 2. c4 e6 3. Nc3 Nf6 4. Nf3 Nbd7 5. e3 Be7 6. Bd3 O-O 7. O-O dxc4 8. Bxc4 a6 9. Be2 b5 10. e4 Bb7 11. e5 Nd5 12. Nxd5 Bxd5 13. Bf4 c5 14. dxc5 Nxc5 15. Rc1 Rc8 16. Qd2 Bxa2 17. Qxd8 Rfxd8 18. Ra1 Bd5 19. Be3 Bb7 20. Rfc1 Nb3 21. Rxc8 Bxc8 22. Rd1 Rxd1+ 23. Bxd1 Nc5 24. Nd4 Bb7 25. Kf1 Nd3 26. b3 Nxe5 27. f3 Kf8 28. Ke2 Bd6 29.
h3 Ke7 30. f4 Nd7 31. g4 g6 32. f5 e5 33. Nc2 Nc5 34. fxg6 hxg6 35. Ne1 f5 36. gxf5 gxf5 37. h4 Ne4 38. h5 Nc3+ 39. Kd2 Nxd1 40. h6 Kf6 41. Kxd1 f4 42. Bf2 Be4 43.
Bh4+ Kg6 44. Kd2 Kxh6 45. Nd3 Kg6 46. Nf2 Bd5 47. Kd3 Kf5 48. b4 Bxb4 49. Bg3 0-1

[Event "*** Titled Tuesday Blitz"]
[Site "Chess.com"]
[Date "2020.11.03"]
[Round "5"]
[White "Rakesh"]
[Black "RamyresCoelho"]
[Result "1-0"]
[WhiteElo "2465"]
[BlackElo "2062"]
[TimeControl "180+1"]
[EndTime "10:57:50 PST"]
[Termination "Rakesh won by resignation"]

1. e4 c5 2. c3 d5 3. exd5 Qxd5 4.
Nf3 Nc6 5. d4 cxd4 6. cxd4 e5 7.
Nc3 Bb4 8. Bd2 Bxc3 9. Bxc3 exd4 10. Nxd4 Nxd4 11. Qxd4 Qxd4 12. Bxd4 Nf6 13. O-O-O O-O 14. Bc4 Be6 15. Bxe6 fxe6 16. Rhe1 Rfe8 17. b3 Rac8+ 18. Kb2 b6 19. Bxf6 gxf6 20. Rd7 Rcd8 21. Red1 Rxd7 22. Rxd7 a5 23. Kc3 Rc8+ 24. Kd3 Rc6 25. a4 h6 26. h4 h5 27. g3 Rc1 28. Rb7 Rc6 29. Ke4 Rd6 30.
f4 Rc6 31. f5 e5 32. Kd5 Rc3 33. Ke6 Rxb3 34. Kxf6 e4 35. g4 hxg4 36. Kg6 Kf8 37. f6 Ke8 38. f7+ Kf8 39. Rb8+ Ke7 40. f8=Q+ Kd7 41. Qf7+ Kc6 42. Qxb3 Kc7 43. Qxb6+ Kd7 44. Rd8+ 1-0

[Event "*** Titled Tuesday Blitz"]
[Site "Chess.com"]
[Date "2020.11.03"]
[Round "5"]
[White "Qvalda"]
[Black "nocnypako"]
[Result "0-1"]
[WhiteElo "2403"]
[BlackElo "2578"]
[TimeControl "180+1"]
[EndTime "10:57:54 PST"]
[Termination "nocnypako won by resignation"]

1. e4 c5 2. c3 d5 3. exd5 Qxd5 4.
d4 g6 5. Nf3 Bg7 6. Na3 cxd4 7.
Bc4 Qe4+ 8. Be3 Nh6 9. cxd4 O-O 10. O-O Nf5 11. Re1 Nxe3 12. Rxe3 Qg4 13. Rxe7 Nc6 14. h3 Qf4 15. Re1 Nxd4 16. Nxd4 Bxd4 17. Qc2 Bf5 18. Qe2 Qg3 19. Nb5 Bxh3 20. Qf3 Qxf3 21. gxf3 Bxb2 22. Rab1 Bf6 23. Nd6 b6 24. a4 Rad8 25.
Ne4 Kg7 26. a5 Rd4 27. Nxf6 Kxf6 28. Re4 Rxe4 29. fxe4 bxa5 30. Rb5 Be6 31. Bxe6 Kxe6 32. Rxa5 Ra8 33. Ra6+ Ke5 34. f3 f5 35. exf5 gxf5 36. Kf2 f4 37. Ra5+ Kd4 38. Rh5 a5 39. Rxh7 a4 40.
Rh1 a3 41. Ra1 Kc3 42. Ke2 a2 43. Kd1 Kb2 0-1

[Event "*** Titled Tuesday Blitz"]
[Site "Chess.com"]
[Date "2020.11.03"]
[Round "5"]
[White "cstevens1"]
[Black "LiemLe"]
[Result "1-0"]
[WhiteElo "2689"]
[BlackElo "2985"]
[TimeControl "180+1"]
[EndTime "10:57:57 PST"]
[Termination "cstevens1 won by checkmate"]

1. Nf3 d5 2. g3 c5 3. Bg2 Nc6 4. O-O Nf6 5. d3 e6 6. Nbd2 Be7 7. e4 O-O 8. Re1 Qc7 9. e5 Nd7 10. Qe2 b5 11. Nf1 b4 12. h4 a5 13. h5 h6 14. N1h2 Re8 15. Ng4 Bf8 16. Bf4 a4 17. Qd2 Kh7 18. a3 bxa3 19. bxa3 Rb8 20. Bf1 d4 21.
Bg2 Bb7 22. Qc1 Qc8 23. Nd2 Ne7 24. Ne4 Nd5 25. Rb1 Ba8 26. Qd2 Qc7 27. Nd6 Bxd6 28. exd6 Qa7 29. Bxh6 f5 30. Bxg7 fxg4 31. Be4+ Kxg7 32.
Qg5+ Kf8 33. Qh6+ Kg8 34. Bh7+ Kh8 35. Bg6+ Kg8 36. Qh7+ Kf8 37. Qf7# 1-0

[Event "*** Titled Tuesday Blitz"]
[Site "Chess.com"]
[Date "2020.11.03"]
[Round "5"]
[White "Goryachkina"]
[Black "chessmadara"]
[Result "1-0"]
[WhiteElo "2595"]
[BlackElo "2214"]
[TimeControl "180+1"]
[EndTime "10:57:57 PST"]
[Termination "Goryachkina won by resignation"]

1. e4 c5 2. Nf3 Nc6 3. Bb5 g6 4. Bxc6 dxc6 5. d3 Bg7 6. h3 Nf6 7. O-O Nd7 8. Nc3 e5 9. Be3 b6 10. Qd2 h6 11. Nh2 Nf8 12. f4 exf4 13. Bxf4 Ne6 14.
Be3 Nd4 15. Rf2 Be6 16. Raf1 Qd7 17. Ng4 O-O-O 18. Nf6 Bxf6 19. Rxf6 g5 20. a4 a5 21. Ne2 Kb8 22. Nxd4 cxd4 23. Bf2 Ka8 24. Bg3 Qe7 25. Qf2 Qc5 26. Bh2 h5 27. h4 gxh4 28.
Qxh4 Rhg8 29. R6f2 Rg4 30. Qxd8+ 1-0

[Event "*** Titled Tuesday Blitz"]
[Site "Chess.com"]
[Date "2020.11.03"]
[Round "5"]
[White "glebus008"]
[Black "AurumO"]
[Result "1-0"]
[WhiteElo "2305"]
[BlackElo "1966"]
[TimeControl "180+1"]
[EndTime "10:58:00 PST"]
[Termination "glebus008 won by resignation"]

1. e4 c5 2. Nf3 Nc6 3. d4 cxd4 4. Nxd4 g6 5. Nc3 Bg7 6. Be3 Nf6 7. f3 O-O 8. g4 Qb6 9. Rb1 e5 10. Nf5 Qa5 11. Nxg7 Kxg7 12. Qd2 Rd8 13. Bc4 d5 14.
Nxd5 Qxd2+ 15. Bxd2 Nd4 16. Kf2 Nxc2 17. Bg5 Rd6 18.
Bxf6+ Rxf6 19. Nxf6 Kxf6 20. h4 Nd4 21. h5 Be6 22. Bxe6 Nxe6 23. hxg6 hxg6 24. Rbc1 Rd8 25. Rhd1 Nd4 26. Rc7 Rb8 27. Rxd4 exd4 28. Ke2 Ke5 29. Rxf7 a6 30. Kd3 b5 31. g5 Rb6 32. f4+ Kd6 33.
Rf6+ Kc7 34. Rxb6 Kxb6 35. Kxd4 Kc6 36. f5 gxf5 37. exf5 1-0